 Dungeon Crawl Stone Soup version 0.31-a0-358-gac0dbeb3ab (webtiles) character file.

Game seed: 6344331886918895928

1124 AIAndy the Chucker (level 8, -5/60 HPs)
             Began as a Gnoll Wanderer on July 24, 2023.
             Was a Priest of Nemelex Xobeh.
             Engulfed by a fire crab's flame (27 damage)
             ... on level 6 of the Dungeon on July 25, 2023.
             The game lasted 00:20:35 (4876 turns).

AIAndy the Chucker (Gnoll Wanderer)                 Turns: 4876, Time: 00:20:36

Health: -5/60      AC:  6    Str: 13    XL:     8   Next: 35%
Magic:  14/14      EV: 12    Int: 14    God:    Nemelex Xobeh [***...]
Gold:   209        SH:  4    Dex: 10    Spells: 13/15 levels left

rFire   x . .        v - +2 trident (heavy)
rCold   + . .        b - +0 buckler
rNeg    . . .        d - +0 robe
rPois   .            u - +0 helmet
rElec   .            w - scarf {repulsion}
rCorr   .            (no gloves)
SInv    .            n - +2 pair of boots
Will    .....        (no amulet)
Stlth   ++           C - ring of ice
HPRegen 0.30/turn    (no ring)
MPRegen 0.14/turn

%: repel missiles
@: no status effects
A: fangs 1, strong nose, distributed training
a: Renounce Religion, Draw Escape, Draw Destruction, Draw Summoning, Triple Draw


You were on level 6 of the Dungeon.
You worshipped Nemelex Xobeh.
Nemelex Xobeh was most pleased with you.
You visited 1 branch of the dungeon, and saw 6 of its levels.

You collected 317 gold pieces.
You spent 108 gold pieces at shops.


Innate Abilities, Weirdness & Mutations

You have very sharp teeth.
Your uncanny sense of smell can sniff out nearby items.
Your experience applies equally to all skills.


   Skills:
 + Level 4.2 Fighting
 + Level 3.2 Short Blades
 + Level 5.6 Long Blades
 + Level 3.2 Axes
 + Level 3.2 Maces & Flails
 + Level 3.2 Polearms
 + Level 3.2 Staves
 + Level 3.2 Ranged Weapons
 + Level 5.6 Throwing
 + Level 4.2 Armour
 + Level 3.2 Dodging
 + Level 3.2 Stealth
 + Level 4.2 Shields
 + Level 3.2 Unarmed Combat
 + Level 4.3 Spellcasting
 + Level 2.6 Conjurations
 + Level 4.7 Hexes
 + Level 2.6 Summonings
 + Level 2.6 Necromancy
 + Level 2.6 Translocations
 + Level 2.6 Transmutations
 + Level 2.6 Fire Magic
 + Level 2.6 Ice Magic
 + Level 2.6 Air Magic
 + Level 2.6 Earth Magic
 + Level 2.6 Poison Magic
 + Level 3.5 Invocations
 + Level 3.2 Evocations
 + Level 2.6 Shapeshifting


You had 13 spell levels left.
You knew the following spells:

 Your Spells              Type           Power      Damage    Failure   Level
s - Slow                  Hex            64%        N/A       3%          1
z - Freeze                Ice            60%        1d7       9%          1

Your spell library contained the following spells:

 Spells                   Type           Power      Damage    Failure   Level
 Inner Flame              Hex/Fire       13%        N/A       16%         3
 Frozen Ramparts          Ice            30%        1d5       24%         3
 Hailstorm                Conj/Ice       15%        3d5       24%         3
 Anguish                  Hex/Necr       6%         N/A       47%         4

Inventory:

Hand Weapons
 a - a +0 falchion
 v - a +2 heavy trident (weapon)
Armour
 b - a +0 buckler (worn)
 d - a +0 robe (worn)
 n - a +2 pair of boots (worn)
 t - a +0 cloak
 u - a +0 helmet (worn)
 w - a scarf of repulsion (worn)
Magical Staves
 x - a staff of earth
Jewellery
 C - a ring of ice (left hand)
Wands
 s - a wand of polymorph (8)
Scrolls
 c - a scroll of fog
 e - a scroll of enchant armour {unknown}
 g - 4 scrolls of teleportation {unknown}
 h - 7 scrolls of identify {unknown}
 i - a scroll of vulnerability {unknown}
 j - 5 scrolls of immolation {unknown}
 k - 2 scrolls of revelation {unknown}
 m - a scroll of amnesia {unknown}
 p - a scroll of noise {unknown}
Potions
 f - 2 potions of curing {unknown}
 l - a potion of brilliance {unknown}
 o - a potion of berserk rage {unknown}
 q - 3 potions of heal wounds {unknown}
 r - a potion of degeneration {unknown}

Dungeon Overview and Level Annotations

Branches:
Dungeon (6/15)             Temple (0/1) D:4

Altars:
Dithmenos
Makhleb
Nemelex Xobeh

Shops:
D:4 [   D:5 =   D:6 =

Annotations:
D:6 Sigmund

#8####....#.......##.........
####.##......#..................
#.8.∩<8...........).#.##........
#..#.......................)....
###..8.........###########.......
#..............#°°°:.$+ #.......
##..#..........#Nt°...+ #.#.....
######........#e○°?.8+ #.#.....
#........#@°#+++# #.......
###....##..#.°# .# #..#....
##....#####.#..# ..# #..##)..
#....#####..#..#...# #......#
##.....#....#..#...# #......#
#####......#).#...#$ #....###
#....##.#..8...8..#.##....
##....#.............##....
##..................#......


You could see a fire crab (misshapen, ally target), a friendly deep elf master
archer (summoned) and a friendly naga sharpshooter (summoned).


Message History

You draw a card...
You have drawn Degeneration.
The deep elf zephyrmancer evaporates and reforms as a fire crab!
The fire crab twists and deforms.
The fire crab barely misses you. The fire crab claws you.
You are engulfed in flames!
The fire burns you terribly!
Use which ability? (? or * to list)
You draw a card...
You have drawn the Rangers.
The fire crab misses you. You block the fire crab's attack.
You hit the fire crab.
The fire crab is lightly wounded.
Your naga sharpshooter unwields a +0 long sword.
Your naga sharpshooter wields a +0 shortbow.
Your naga sharpshooter shoots an arrow.
The arrow hits the fire crab!
The fire crab breathes flames at you.
The blast of flame engulfs you but does no damage.
Use which ability? (? or * to list)
You draw a card...
You have drawn the Cloud.
Nothing appears to happen.
You are engulfed in blazing flames.
* * * LOW HITPOINT WARNING * * *
The fire crab breathes flames at you.
The blast of flame engulfs you but does no damage.
Your deep elf master archer is engulfed in blazing flames.
Your naga sharpshooter is engulfed in blazing flames.
Your naga sharpshooter shoots an arrow.
The arrow hits the fire crab!
Okay, then.
Okay, then.
The fire crab attacks as you move away! The fire crab closely misses you.
The fire crab barely misses you.
You are engulfed in blazing flames.
You die...
Your body glows with a rainbow of weird colours and disappears.

Skill      XL: |  1  2  3  4  5  6  7  8 |
---------------+-------------------------+-----
Invocations    | 1 2 3 |  3.5
Short Blades   | 1 2 3 |  3.2
Axes           | 1 2 3 |  3.2
Maces & Flails | 1 2 3 |  3.2
Polearms       | 1 2 3 |  3.2
Staves         | 1 2 3 |  3.2
Ranged Weapons | 1 2 3 |  3.2
Dodging        | 1 2 3 |  3.2
Stealth        | 1 2 3 |  3.2
Unarmed Combat | 1 2 3 |  3.2
Evocations     | 1 2 3 |  3.2
Spellcasting   | 3 4 |  4.3
Conjurations   | 1 2 |  2.6
Summonings     | 1 2 |  2.6
Necromancy     | 1 2 |  2.6
Translocations | 1 2 |  2.6
Transmutations | 1 2 |  2.6
Fire Magic     | 1 2 |  2.6
Ice Magic      | 1 2 |  2.6
Air Magic      | 1 2 |  2.6
Earth Magic    | 1 2 |  2.6
Poison Magic   | 1 2 |  2.6
Shapeshifting  | 1 2 |  2.6
Fighting       | 3 4 |  4.2
Armour         | 3 4 |  4.2
Shields        | 3 4 |  4.2
Hexes          | 4 |  4.7
Long Blades    | 5 |  5.6
Throwing       | 5 |  5.6

Action                     |  1- 3 |  4- 6 |  7- 9 || total
---------------------------+-------+-------+-------++-------
  Melee: Falchion          |   126 |    47 |    51 ||   224
         Bite              |    12 |     7 |     4 ||    23
         Trident           |       |       |    19 ||    19
   Cast: Slow              |     9 |     7 |    17 ||    33
         Freeze            |     3 |    13 |    15 ||    31
 Invoke: Draw Destruction  |       |     5 |     3 ||     8
         Draw Summoning    |       |       |     5 ||     5
         Draw Escape       |       |       |     1 ||     1
   Stab: Sleeping          |     1 |     1 |     1 ||     3
         Petrified         |       |       |     1 ||     1
 Armour: Robe              |    26 |    18 |    45 ||    89
  Dodge: Dodged            |    73 |    35 |    56 ||   164
  Block: Buckler           |    22 |     8 |    16 ||    46

Levels and vault maps discovered:
D:1:      dpeg_arrival_chambers_temple_mockup, layout_basic,
          basic_ecumenical_altar
D:2:      layout_loops_ring
D:3:      layout_basic, st_stairs_1
D:4:      layout_gridville, minmay_temple_entry_offerings, serial_shops,
          nicolae_shop_drivethru
D:5:      layout_loops_ring, lemuel_doored_altar, serial_shops, shop
D:6:      layout_cave_pools, overflow_temple_1_default, serial_shops,
          nicolae_shop_statue_plus, dk_noncrumbling_3,
          guppyfry_early_elven_hall, uniq_sigmund

Notes
Turn   | Place    | Note
-------+----------+-------------------------------------------
     0 | D:1      | AIAndy the Gnoll Wanderer began the quest for the Orb.
     0 | D:1      | AIAndy set off with the following items: a +0 falchion, a
                  | +0 buckler, a scroll of fog, a +0 robe; and the following
                  | spell memorised: Slow; and the following spells available
                  | to memorise: Inner Flame, Anguish.
     0 | D:1      | Reached XP level 1. HP: 17/17 MP: 4/4
   264 | D:1      | Reached XP level 2. HP: 23/23 MP: 5/5
   310 | D:1      | Found a faded altar of an unknown god.
   328 | D:1      | Prayed at the altar of an unknown god.
   328 | D:1      | Became a worshipper of Nemelex Xobeh the Trickster
   328 | D:1      | Reached * piety under Nemelex Xobeh
   697 | D:1      | Received a gift from Nemelex Xobeh
   962 | D:2      | Reached XP level 3. HP: 25/28 MP: 7/7
  1735 | D:3      | Reached skill level 1 in Invocations
  1780 | D:3      | Received a gift from Nemelex Xobeh
  1974 | D:3      | Reached ** piety under Nemelex Xobeh
  2356 | D:4      | Reached skill level 1 in Short Blades
  2356 | D:4      | Reached skill level 1 in Axes
  2356 | D:4      | Reached skill level 1 in Maces & Flails
  2356 | D:4      | Reached skill level 1 in Polearms
  2356 | D:4      | Reached skill level 1 in Staves
  2356 | D:4      | Reached skill level 1 in Ranged Weapons
  2356 | D:4      | Reached skill level 1 in Dodging
  2356 | D:4      | Reached skill level 1 in Stealth
  2356 | D:4      | Reached skill level 1 in Unarmed Combat
  2356 | D:4      | Reached skill level 1 in Evocations
  2410 | D:4      | Found a staircase to the Ecumenical Temple.
  2425 | D:4      | Learned a level 1 spell: Freeze
  2524 | D:4      | Reached skill level 3 in Spellcasting
  2524 | D:4      | Reached XP level 4. HP: 20/34 MP: 4/8
  2638 | D:4      | Noticed a bullfrog
  2651 | D:4      | Killed a bullfrog
  2652 | D:4      | Reached skill level 1 in Conjurations
  2652 | D:4      | Reached skill level 1 in Summonings
  2652 | D:4      | Reached skill level 1 in Necromancy
  2652 | D:4      | Reached skill level 1 in Translocations
  2652 | D:4      | Reached skill level 1 in Transmutations
  2652 | D:4      | Reached skill level 1 in Fire Magic
  2652 | D:4      | Reached skill level 1 in Ice Magic
  2652 | D:4      | Reached skill level 1 in Air Magic
  2652 | D:4      | Reached skill level 1 in Earth Magic
  2652 | D:4      | Reached skill level 1 in Poison Magic
  2652 | D:4      | Reached skill level 1 in Shapeshifting
  2652 | D:4      | Reached XP level 5. HP: 23/40 MP: 5/9
  2720 | D:4      | Found a transporter.
  2722 | D:4      | Found Qaischeq's Antique Armour Emporium.
  2782 | D:4      | Noticed a black bear
  2801 | D:4      | Killed a black bear
  2802 | D:4      | Reached skill level 3 in Fighting
  2802 | D:4      | Reached skill level 3 in Armour
  2802 | D:4      | Reached skill level 3 in Shields
  2802 | D:4      | Reached skill level 4 in Hexes
  2802 | D:4      | Reached skill level 2 in Invocations
  2802 | D:4      | Reached XP level 6. HP: 28/47 MP: 0/11
  3023 | D:4      | Found a transporter.
  3039 | D:4      | Reached *** piety under Nemelex Xobeh
  3076 | D:4      | Bought a cloak for 108 gold pieces
  3284 | D:5      | Entered Level 5 of the Dungeon
  3503 | D:5      | Reached skill level 5 in Long Blades
  3503 | D:5      | Reached skill level 5 in Throwing
  3513 | D:5      | Reached skill level 2 in Short Blades
  3513 | D:5      | Reached skill level 2 in Axes
  3513 | D:5      | Reached skill level 2 in Maces & Flails
  3513 | D:5      | Reached skill level 2 in Polearms
  3513 | D:5      | Reached skill level 2 in Staves
  3513 | D:5      | Reached skill level 2 in Ranged Weapons
  3513 | D:5      | Reached skill level 2 in Dodging
  3513 | D:5      | Reached skill level 2 in Stealth
  3513 | D:5      | Reached skill level 2 in Unarmed Combat
  3513 | D:5      | Reached skill level 2 in Evocations
  3696 | D:5      | Found a shadowy altar of Dithmenos.
  3701 | D:5      | Noticed an ice beast
  3712 | D:5      | Killed an ice beast
  3713 | D:5      | Reached XP level 7. HP: 52/52 MP: 12/12
  3778 | D:5      | Found Vear's Jewellery Boutique.
  3785 | D:5      | Received a gift from Nemelex Xobeh
  4210 | D:6      | Reached skill level 2 in Conjurations
  4210 | D:6      | Reached skill level 2 in Summonings
  4210 | D:6      | Reached skill level 2 in Necromancy
  4210 | D:6      | Reached skill level 2 in Translocations
  4210 | D:6      | Reached skill level 2 in Transmutations
  4210 | D:6      | Reached skill level 2 in Fire Magic
  4210 | D:6      | Reached skill level 2 in Ice Magic
  4210 | D:6      | Reached skill level 2 in Air Magic
  4210 | D:6      | Reached skill level 2 in Earth Magic
  4210 | D:6      | Reached skill level 2 in Poison Magic
  4210 | D:6      | Reached skill level 2 in Shapeshifting
  4363 | D:6      | Found a burning altar of Makhleb.
  4424 | D:6      | Noticed Sigmund
  4439 | D:6      | Reached skill level 3 in Invocations
  4471 | D:6      | Reached skill level 4 in Spellcasting
  4495 | D:6      | Reached XP level 8. HP: 42/60 MP: 14/14
  4523 | D:6      | Reached skill level 4 in Fighting
  4523 | D:6      | Reached skill level 3 in Short Blades
  4523 | D:6      | Reached skill level 3 in Axes
  4523 | D:6      | Reached skill level 3 in Maces & Flails
  4523 | D:6      | Reached skill level 3 in Polearms
  4523 | D:6      | Reached skill level 3 in Staves
  4523 | D:6      | Reached skill level 3 in Ranged Weapons
  4523 | D:6      | Reached skill level 4 in Armour
  4523 | D:6      | Reached skill level 3 in Dodging
  4523 | D:6      | Reached skill level 3 in Stealth
  4523 | D:6      | Reached skill level 4 in Shields
  4523 | D:6      | Reached skill level 3 in Unarmed Combat
  4523 | D:6      | Reached skill level 3 in Evocations
  4736 | D:6      | Found Doditrim's Jewellery Shoppe.
  4871 | D:6      | Noticed a deep elf zephyrmancer
  4872 | D:6      | a deep elf zephyrmancer changed into a fire crab
  4872 | D:6      | Noticed a fire crab
  4876 | D:6      | Engulfed by a fire crab's flame

Vanquished Creatures
  A water moccasin (D:6)
  An ice beast (D:5)
  2 black bears
  An ogre (D:6)
  A bullfrog (D:4)
  A howler monkey (D:5)
  3 hounds
  A jelly (D:6)
  An orc priest (D:5)
  A gnoll bouda (D:6)
  3 iguanas
  A gnoll (D:6)
  A shadow imp (D:4)
  An ufetubus (D:6)
  2 worms
  2 dart slugs
  5 orcs
  2 bats (D:1)
  5 endoplasms
  2 giant cockroaches
  5 hobgoblins
  2 kobolds (D:1)
  A quokka (D:2)
  5 ball pythons
  3 frilled lizards
  7 goblins
  2 rats
62 creatures vanquished.

Vanquished Creatures (collateral kills)
  A bullfrog (D:6)
  A gnoll sergeant (D:6)
  A sleepcap (D:5)
  7 gnolls (D:6)
10 creatures vanquished.

Grand Total: 72 creatures vanquished

Table legend: (Time is in decaauts)
 A = Elapsed time spent in this place.
 B = Non-inter-level travel time spent in this place.
 C = Inter-level travel time spent in this place.
 D = Time resting spent in this place.
 E = Time spent auto-exploring this place.
 F = Levels seen in this place.
 G = Mean time per level.
                   A        B        C        D        E       F      G
               +--------+--------+--------+--------+--------+-----+--------+
         Total |   4914 |   4732 |    182 |      0 |   3923 |   6 |  819.0 |
       Dungeon |   4914 |   4732 |    182 |      0 |   3923 |   6 |  819.0 |
               +--------+--------+--------+--------+--------+-----+--------+

Top non-repeatable levels by time:
     D:4: 998 daAuts
     D:5: 923 daAuts
     D:1: 860 daAuts
     D:3: 788 daAuts
     D:6: 689 daAuts
     D:2: 654 daAuts

Table legend:
 A = Non-vault XP
 B = Vault XP
 C = Vault XP percentage of total XP
 D = Non-vault monster count
 E = Vault monster count
 F = Vault count percentage of total count
                 A         B        C        D         E       F
            +---------+---------+-------+---------+---------+-------
      Total |    1601 |       5 |   0.3 |      70 |       2 |   2.8
            +---------+---------+-------+---------+---------+-------
        D:1 |      24 |       0 |   0.0 |      14 |       0 |   0.0
        D:2 |      22 |       0 |   0.0 |      10 |       0 |   0.0
        D:3 |      12 |       5 |  29.4 |       7 |       2 |  22.2
        D:4 |     279 |       0 |   0.0 |      10 |       0 |   0.0
        D:5 |     366 |       0 |   0.0 |      10 |       0 |   0.0
        D:6 |     898 |       0 |   0.0 |      19 |       0 |   0.0
            +---------+---------+-------+---------+---------+-------
